 Dungeon Crawl Stone Soup version 0.31-a0-344-gd109795599 (webtiles) character file.

Game seed: 15415789353568940744

65 LeprechaunX the Ruffian (level 4, 0/28 HPs)
             Began as an Octopode Shapeshifter on July 21, 2023.
             Succumbed to a scorpion's poison
             ... on level 4 of the Dungeon.
             The game lasted 00:01:38 (2028 turns).

LeprechaunX the Ruffian (Octopode Shapeshifter)     Turns: 2028, Time: 00:01:39

Health: 0/28       AC:  1    Str: 16    XL:     4   Next: 14%
Magic:  4/4        EV: 13    Int: 10    God:
Gold:   185        SH:  0    Dex: 12    Spells: 3/3 levels left

rFire   . .          .
                       - Unarmed
rCold   . . .        (no shield)
rNeg    . . .        (helmet currently unavailable)
rPois   .            (no amulet)
rElec   .            (no ring)
rCorr   .            (no ring)
SInv    .            (no ring)
Will    .....        (no ring)
Stlth   ++           (no ring)
HPRegen 0.24/turn    (no ring)
MPRegen 0.09/turn    (no ring)
                     (no ring)

%: no passive effects
@: lethally poisoned (0 -> -8), beast-form
A: beast (slay +2), almost no armour, amphibious, 8 rings, camouflage 1,
gelatinous body 1, (nimble swimmer 1), tentacles
a: Begin Untransformation


You were on level 4 of the Dungeon.
You were a hulking beast.
You visited 1 branch of the dungeon, and saw 4 of its levels.

You collected 185 gold pieces.

Inventory:

Jewellery
 c - an amulet of faith
Talismans
 b - a beast talisman
Scrolls
 e - 4 scrolls of teleportation {unknown}
 f - a scroll of amnesia {unknown}
 j - a scroll of torment {unknown}
 k - a scroll of poison {unknown}
 l - 2 scrolls of identify {unknown}
Potions
 a - a potion of lignification
 d - 2 potions of curing {unknown}
 g - a potion of mutation {unknown}
 h - 3 potions of attraction {unknown}
 i - 2 potions of heal wounds {unknown}


   Skills:
 - Level 1.0 Fighting
 - Level 2.0 Dodging
 * Level 4.0 Unarmed Combat
 * Level 3.7 Shapeshifting


You had 3 spell levels left.
You didn't know any spells.
Your spell library was empty.

Dungeon Overview and Level Annotations

Branches:
Dungeon (4/15)
 Temple: D:4-7

Altars:


Innate Abilities, Weirdness & Mutations

You are a hulking beast.
Your limbs bulge with bestial killing power. (Slay +2)
You cannot wear most types of armour.
You are amphibious.
You can wear up to eight rings at the same time.
Your skin changes colour to match your surroundings (Stealth+).
Your rubbery body absorbs attacks. (AC +1, EV +1)
((You are camouflaged when in or above water. (Stealth+)))
You have tentacles for arms and can constrict up to eight enemies at once.


Message History

No target in view!
No target in view!
No target in view!
No target in view!
No target in view!
No target in view!
No target in view!
No target in view!
No target in view!
No target in view!
No target in view!
No target in view!
There is a stone staircase leading down here.
You now have 185 gold pieces (gained 10).
A scorpion comes into view.
A scorpion is nearby!
A scorpion is nearby!
A scorpion is nearby!
A dart slug comes into view.
You completely miss the scorpion. Your grab misses the scorpion.
You squeeze the scorpion, but do no damage.
The scorpion closely misses you.
You barely miss the scorpion. You grab the scorpion.
You constrict the scorpion, but do no damage.
The scorpion stings you!
You are poisoned.
The scorpion poisons you!
You bludgeon the scorpion! You tentacle-slap the scorpion.
The scorpion is heavily wounded.
You constrict the scorpion.
You feel very sick. The scorpion stings you.
The dart slug launches a dart at you. The slug dart hits you.
* * * LOW HITPOINT WARNING * * *
The scorpion stings you.
* * * LOW HITPOINT WARNING * * *
You tentacle-slap the scorpion. You squeeze the scorpion.
You kill the scorpion!
You die...

##.#.#######
#...>......#
#..#.#####.#
.####<.#.### .#
.............# w#
#######.##.#.# .#
#.##.#.###.####.#
#.##.............
.##>##.....h......#
........####.######
.............#
##############


You could see a dart slug.

Vanquished Creatures
  A scorpion (D:4)
  An adder (D:3)
  A dart slug (D:3)
  4 ball pythons
  5 endoplasms
  A giant cockroach (D:1)
  10 goblins
  5 hobgoblins
  4 quokkas
  4 bats
  4 frilled lizards
  3 kobolds
  9 rats
52 creatures vanquished.

Notes
Turn   | Place    | Note
-------+----------+-------------------------------------------
     0 | D:1      | LeprechaunX the Octopode Shapeshifter began the quest for
                  | the Orb.
     0 | D:1      | Reached XP level 1. HP: 13/13 MP: 1/1
   146 | D:1      | Reached XP level 2. HP: 12/18 MP: 2/2
   580 | D:1      | Reached XP level 3. HP: 23/23 MP: 3/3
  1645 | D:3      | Reached skill level 4 in Unarmed Combat
  1645 | D:3      | Reached XP level 4. HP: 25/28 MP: 4/4
  2021 | D:4      | Noticed a scorpion
  2028 | D:4      | Killed a scorpion
  2028 | D:4      | Succumbed to a scorpion's poison

Illustrated notes

Levels and vault maps discovered:
D:1:      dpeg_arrival_subterranean_lakeside_camping, layout_basic
D:2:      layout_loops_ring
D:3:      layout_basic, serial_corexii_hall, corexii_hall_statues_l,
          corexii_hall_statues_s, chequers_hall_statues_y,
          chequers_hall_statues_corner_a, corexii_hall_statues_l,
          chequers_hall_statues_wall_a
D:4:      layout_loops_ring, trog_book, nicolae_overflow_squiral,
          minmay_temple_entry_offerings, serial_shops,
          nicolae_book_shop_shelving

Skill      XL: |  1  2  3 |
---------------+----------+-----
Unarmed Combat | 4 |  4.0
Fighting       | |  1.0
Dodging        | |  2.0
Shapeshifting  | |  3.7

Action                     |  1- 3 |  4- 6 || total
---------------------------+-------+-------++-------
  Melee: Unarmed           |    73 |     7 ||    80
         Constrict         |    19 |     1 ||    20
         Tentacles         |    13 |     3 ||    16
         Punch             |       |     1 ||     1
   Stab: Sleeping          |    11 |       ||    11
         Distracted        |     1 |       ||     1
 Armour: Skin              |     3 |       ||     3
  Dodge: Dodged            |    31 |     1 ||    32

Table legend: (Time is in decaauts)
 A = Elapsed time spent in this place.
 B = Non-inter-level travel time spent in this place.
 C = Inter-level travel time spent in this place.
 D = Time resting spent in this place.
 E = Time spent auto-exploring this place.
 F = Levels seen in this place.
 G = Mean time per level.
                   A        B        C        D        E       F      G
               +--------+--------+--------+--------+--------+-----+--------+
         Total |   2022 |   1936 |     86 |      0 |   1663 |   4 |  505.5 |
       Dungeon |   2022 |   1936 |     86 |      0 |   1663 |   4 |  505.5 |
               +--------+--------+--------+--------+--------+-----+--------+

Top non-repeatable levels by time:
     D:1: 724 daAuts
     D:3: 665 daAuts
     D:2: 610 daAuts
     D:4: 21 daAuts
